 Dungeon Crawl Stone Soup version 0.29.1-12-g30fa7ad0bf (webtiles) character file.

Game seed: 8153843753804065123

16 MisterFreud the Twirler (level 2, -1/22 HPs)
             Began as a Formicid Gladiator on Dec 27, 2022.
             Slain by a kobold
             ... wielding a +0 short sword of electrocution
              (19 damage)
             ... on level 1 of the Dungeon.
             The game lasted 00:00:27 (377 turns).

MisterFreud the Twirler (Formicid Gladiator)         Turns: 377, Time: 00:00:28

Health: -1/22      AC:  3    Str: 18    XL:     2   Next: 75%
Magic:  2/2        EV: 12    Int:  7    God:
Gold:   14         SH:  0    Dex: 15    Spells: 1/1 levels left

rFire   . . .      SeeInvis +   a - +1 quarterstaff
rCold   . . .      Faith    .   (no shield)
rNeg    . . .      Spirit   .   b - +0 leather armour
rPois   .          Reflect  .   (helmet unavailable)
rElec   .          Harm     .   (no cloak)
rCorr   .          Rampage  .   (no gloves)
Will    .....                   (no boots)
Stlth   +.........              (no amulet)
HPRegen 0.07/turn               (no ring)
MPRegen 0.08/turn               (no ring)

@: no status effects
A: permanent stasis, dig shafts and tunnels, antennae 3, four strong arms
a: Dig, Shaft Self


You were on level 1 of the Dungeon.
You visited 1 branch of the dungeon, and saw 1 of its levels.

You collected 14 gold pieces.

Inventory:

Hand Weapons
 a - a +1 quarterstaff (weapon)
Missiles
 c - 3 throwing nets (quivered)
 d - a javelin
 h - 4 boomerangs
Armour
 b - a +0 leather armour (worn)
Jewellery
 i - an amulet of regeneration
Potions
 e - 2 potions of lignification {unknown}


   Skills:
 - Level 2.1 Fighting
 + Level 3.8 Staves
 - Level 2.0 Throwing
 - Level 2.6 Dodging


You had one spell level left.
You didn't know any spells.
Your spell library was empty.

Dungeon Overview and Level Annotations

Branches:
Dungeon (1/15)

Altars:


Innate Abilities, Weirdness & Mutations

You cannot be hasted, slowed, berserked, paralysed or teleported.
You can dig through walls and to a lower floor.
You have a pair of large antennae on your head. (SInv)
Your four strong arms can wield two-handed weapons with a shield.


Message History

You hit the jackal but do no damage. The jackal completely misses you.
The jackal misses you.
You barely miss the jackal.
The jackal bites you but does no damage.
You closely miss the jackal. The jackal closely misses you.
The jackal bites you.
You hit the jackal but do no damage. The jackal closely misses you.
You hit the jackal.
You kill the jackal!
No target in view!
You see here a +0 dagger.
You open the door.
There is an open door here.
Found a robe.
You see here a +0 robe.
You see here a +0 robe.
There is an open door here.
Found a quarterstaff.
You see here a +0 quarterstaff.
Key pressed, stopping explore.
No target in view!
A rat comes into view.
A rat is nearby!
A rat is nearby!
A rat is nearby!
The rat bites you but does no damage.
A rat is nearby!
You hit the rat. You punch the rat.
You kill the rat!
You see here a rat corpse.
A kobold comes into view.
It is wielding a +0 short sword of electrocution.
The kobold shouts!
A kobold is nearby!
The kobold closely misses you.
A kobold is nearby!
You barely miss the kobold.
The kobold hits you with a +0 short sword of electrocution.
You are electrocuted!!
Ouch! That really hurt!
You die...

#.. ## #.# .# #.# .# #.#
.## #.#
..##############.###.##.
#............†..........
..###......#####.###.##
#####.#.##.# #@#
......#.##.# #K#
#######.##.# #.# #.##.#
#.# #######.##.# #..
#.#.#.#.##.# #..
........##.# #..
#.#.#.#.# #..# ........#


You could see a kobold.

Vanquished Creatures
  A dart slug (D:1)
  A hobgoblin (D:1)
  3 jackals (D:1)
  2 kobolds (D:1)
  A quokka (D:1)
  2 goblins (D:1)
  4 rats (D:1)
14 creatures vanquished.

Notes
Turn   | Place    | Note
-------+----------+-------------------------------------------
     0 | D:1      | MisterFreud the Formicid Gladiator began the quest for the
                  | Orb.
     0 | D:1      | Reached XP level 1. HP: 16/16 MP: 1/1
    58 | D:1      | Reached XP level 2. HP: 16/22 MP: 2/2
   377 | D:1      | Slain by a kobold

Illustrated notes

Levels and vault maps discovered:
D:1:      dpeg_arrival_round_a, layout_loops_ring, st_stairs_10

Action                   || total
-------------------------++-------
Melee: Quarterstaff      ||    25
       Punch             ||     2
Throw: Throwing net      ||     1
  Use: Scroll            ||     2
Armor: Leather armour    ||     2
Dodge: Dodged            ||    19
